Cogmind - Beta 14 @@@ ROGUE MODE // 2024.11.17 @ 16:41:37 Player: Fangrelle Result: Destroyed by D-53 Grenadier with Mini Grenade Launcher Performance ------------- Evolutions (0) 0 Regions Visited (2) 400 Robots Destroyed (16) 80 Value Destroyed (403) 403 Prototype IDs (0) 0 Alien Tech Used (0) 0 Bonus (11) 11 TOTAL SCORE: 894 Bonus ------- High Alert Combat Kills 11 Cogmind --------- Core Integrity 0/250 Matter 225/300 Energy 42/250 System Corruption 1% Temperature Cool (0) Movement Treading (240) Ox1 Location -10/Mines Parts ------- > --- POWER (1) -------- Ion Engine > --- PROPULSION (2) --- Light Treads Light Treads > --- UTILITY (2) ------ High-capacity Storage Unit Sensor Array > --- WEAPON (2) ------- Light Assault Rifle > --- INVENTORY (20) --- Aluminum Leg Wheel Wheel High-capacity Matter Pod (18) Authchip [Propulsion] Peak State ------------ > --- POWER ------------ Ion Engine > --- PROPULSION ------- Aluminum Leg Aluminum Leg > --- UTILITY ---------- High-capacity Storage Unit Sensor Array > --- WEAPON ----------- Assault Rifle Light Cannon > --- INVENTORY -------- Ion Engine Light Treads Light Treads Wheel Wheel Authchip [Propulsion] Light Assault Rifle Grenade Launcher [Rating: 8] Favorites ----------- Power Ion Engine Engine Ion Engine Propulsion Aluminum Leg Treads Light Treads Leg Aluminum Leg Utility Sensor Array Device Sensor Array Storage High-capacity Storage Unit Weapon Assault Rifle Ballistic Gun Assault Rifle Ballistic Cannon Light Cannon Launcher Grenade Launcher Build | -11 -10 -10 ------- Run | Yrd Mat Min Slots Evolved . | . . . Power . | . . . Propulsion . | . . . Utility . | . . . Weapon . | . . . Parts Attached 11 | . 2 9 Power 1 | . . 1 Engine 1 | . . 1 Core . | . . . Reactor . | . . . Propulsion 2 | . . 2 Treads 2 | . . 2 Leg . | . . . Wheel . | . . . Hover . | . . . Flight . | . . . Utility 2 | . 1 1 Device 1 | . 1 . Storage 1 | . . 1 Processor . | . . . Hackware . | . . . Protection . | . . . Artifact . | . . . Weapon 6 | . 1 5 Energy Gun . | . . . Energy Cannon . | . . . Ballistic Gun 2 | . . 2 Ballistic Cannon 2 | . 1 1 Launcher 2 | . . 2 Special Weapon . | . . . Impact Weapon . | . . . Slashing Weapon . | . . . Piercing Weapon . | . . . Special Melee Weapon . | . . . Unidentified Prototypes . | . . . Parts Lost 5 | . . 5 Power 1 | . . 1 Propulsion 1 | . . 1 Utility . | . . . Weapon 3 | . . 3 Highest Loss Streak 4 | . . 4 To Critical Strikes . | . . . Average Slot Usage (%) 98 | . 98 99 Engine 13 | . 14 13 Leg 28 | . 28 28 Device 13 | . 12 14 Storage 14 | . 14 14 Ballistic Gun 17 | . 27 12 Ballistic Cannon 8 | . . 11 Launcher 2 | . . 3 Peak Build Rating 8 | . 7 8 Average Rating 7 | . 6 7 On Entrance 6 | 6 6 7 Naked Turns . | . . . Heaviest Build 51 | 13 16 51 Greatest Support 20 | 20 20 20 Greatest Overweight (x) 2 | . . 2 Average Overweight (x) . | . . 1 Largest Inventory Capacity 20 | . 8 20 Average Capacity 14 | . 8 16 Most Carried 9 | . 8 9 Average Carried 7 | . 7 8 Final Capacity 20 | 8 8 20 Final Carried 8 | 6 8 5 Class Distribution -------------------- 100% | Mutant Dominant Class ---------------- Mutant | -10/Materials Mutant | -10/Mines Resources | -11 -10 -10 ----------- Run | Yrd Mat Min Matter Collected 526 | 200 78 248 Remotely . | . . . Salvage Created 311 | . 132 179 Parts 14 | . 6 8 Haulers Intercepted . | . . . Recyclers Shooed 1 | . 1 . Parts Field Recycled . | . . . Retrieved Matter . | . . . Parts Self-Destructed . | . . . Prevented . | . . . Kills | -11 -10 -10 ------- Run | Yrd Mat Min Combat Hostiles Destroyed 14 | . 2 12 Guns 3 | . 2 1 Cannons 2 | . . 2 AOE 9 | . . 9 Classes Destroyed 4 | . 3 1 Recycler 1 | . 1 . Operator 1 | . 1 . Swarmer 6 | . . 6 Grunt 8 | . 2 6 Best Kill Streak 7 | . 2 7 Combat Bots Only 7 | . 1 7 Max Kills in Single Turn 3 | . 1 3 Gunslinging . | . . . Exploded 3 | . . 3 Melee . | . . . Uniques/NPCs Destroyed . | . . . Combat | -11 -10 -10 -------- Run | Yrd Mat Min Hostile Shots Fired 56 | . 11 45 Missed 11 | . 2 9 Damage Taken 885 | . 103 782 Core 263 | . 22 241 Absorbed by Shields . | . . . Core Remaining (%) 100 | 100 . . Volleys Fired 45 | . 18 27 Largest 2 | . 2 2 Hottest 65 | . 40 65 Shots Fired 77 | . 36 41 Gun 50 | . 36 14 Cannon 17 | . . 17 Launcher 10 | . . 10 Special . | . . . Kinetic 67 | . 36 31 Thermal . | . . . Explosive 10 | . . 10 Electromagnetic . | . . . Robot Hit Streak 9 | . 9 3 Robot Miss Streak 3 | . 3 3 Penetration Max . | . . . Secondary Targets . | . . . Shots Hit Robots 37 | . 21 16 Core Hits 29 | . 10 19 Critical Kills . | . . . Critical Parts Destroyed . | . . . Critical Strikes . | . . . Melee Attacks . | . . . Impact . | . . . Slashing . | . . . Piercing . | . . . Sneak Attacks . | . . . Combat Hostiles . | . . . Follow-up Attacks . | . . . Damage Inflicted 1064 | . 218 846 Guns 289 | . 218 71 Cannons 109 | . . 109 Explosions 666 | . . 666 Melee . | . . . Ramming . | . . . Kinetic 398 | . 218 180 Thermal 78 | . . 78 Explosive 588 | . . 588 Electromagnetic . | . . . Impact . | . . . Slashing . | . . . Piercing . | . . . Highest Corruption 1 | . 1 1 Average Corruption 1 | . 1 1 Corruption Purged . | . . . Corruption Blocked . | . . . Effects 4 | . 1 3 Matter Fused 2 | . 1 1 Heat Flow Errors 1 | . . 1 Energy Discharges 1 | . . 1 Overload Shots . | . . . Overflow Damage 45 | . . 45 Projectiles . | . . . Explosions 45 | . . 45 Melee . | . . . Knockbacks 2 | . . 2 Impact . | . . . Kinetic 2 | . . 2 Secondary . | . . . Self-Inflicted Damage 31 | . . 31 Shots 2 | . . 2 Rammed . | . . . Targets Rammed . | . . . Kicked . | . . . Crushed . | . . . Highest Temperature 170 | . 12 170 Average Temperature 31 | . 6 37 Received Heat Transfer 231 | . 54 177 Siege Activations . | . . . Robots Corrupted . | . . . Combat Hostiles . | . . . Parts Fried . | . . . Impact Corruptions . | . . . Robots Melted . | . . . Combat Hostiles . | . . . Parts Melted . | . . . Heat Transferred 100 | . . 100 Parts Sabotaged . | . . . Parts Stolen . | . . . Parts Stripped . | . . . Power Chain Reactions . | . . . Alert | -11 -10 -10 ------- Run | Yrd Mat Min Peak Influence 426 | . 117 426 Initial 45 | . . 45 Average 188 | . 86 235 Maximum Alert Level 2 | . . 2 Low Security (%) 42 | . 100 16 Level 1 54 | . . 79 Level 2 2 | . . 3 Level 3 . | . . . Level 4 . | . . . Level 5 . | . . . High Security . | . . . Max Security . | . . . Squads Dispatched 1 | . 1 . Investigation 1 | . 1 . Extermination . | . . . Reinforcement . | . . . Assault . | . . . Garrison . | . . . Intercept . | . . . Searches Triggered . | . . . Construction Impeded . | . . . Haulers Reinforced . | . . . Active Scanning Responses . | . . . Cargo Convoy Interrupts . | . . . Stealth | -11 -10 -10 --------- Run | Yrd Mat Min Distress Signals . | . . . Communications Jammed . | . . . Distress Signals . | . . . Times Spotted 22 | . 3 19 Peak Tracking Total 4 | . 2 4 Tactical Retreats . | . . . Traps | -11 -10 -10 ------- Run | Yrd Mat Min Traps Triggered 1 | . 1 . Indirectly . | . . . Trap Hack Attempts . | . . . Triggered . | . . . Disarmed . | . . . Reprogrammed . | . . . Reused . | . . . Traps Extracted . | . . . Installed . | . . . Triggered . | . . . Machines | -11 -10 -10 ---------- Run | Yrd Mat Min Machines Disabled 1 | . . 1 Max in Single Turn 1 | . . 1 Machines Repaired . | . . . Machines Dismantled . | . . . Machines Sabotaged . | . . . Overloaded Fab Kills . | . . . Hacking | -11 -10 -10 --------- Run | Yrd Mat Min Machines Accessed 2 | . 2 . Terminals 1 | . 1 . Fabricators . | . . . Repair Stations . | . . . Recycling Units 1 | . 1 . Scanalyzers . | . . . Garrison Access . | . . . Total Hacks 5 | . 5 . Successful 4 | . 4 . Failed 1 | . 1 . Catastrophic . | . . . Database Lockouts . | . . . Manual 4 | . 4 . Terminals 3 | . 3 . Fabricators . | . . . Repair Stations . | . . . Recycling Units 2 | . 2 . Scanalyzers . | . . . Garrison Access . | . . . Terminal Hacks . | . . . Fabricator Hacks . | . . . Repair Station Hacks . | . . . Recycling Unit Hacks 1 | . 1 . Retrieve Components 1 | . 1 . Scanalyzer . | . . . Garrison Access Hacks . | . . . Unauthorized Hacks 3 | . 3 . Terminals 2 | . 2 . Botnet 1 | . 1 . Disrupt 1 | . 1 . Fabricators . | . . . Repair Stations . | . . . Recycling Units 1 | . 1 . Tunnel 1 | . 1 . Scanalyzers . | . . . Garrison Access . | . . . Data Cores Recovered 1 | . 1 . Used . | . . . Hacking Detections 1 | . 1 . Full Trace Events . | . . . Feedback Events . | . . . Feedback Blocked . | . . . Robot Schematics Acquired . | . . . Robots Built . | . . . Authchips . | . . . Time . | . . . Total Robot Build Rating . | . . . Part Schematics Acquired . | . . . Parts Built . | . . . Authchips . | . . . Time . | . . . Total Part Build Rating . | . . . Parts Repaired . | . . . Time . | . . . Parts Recycled . | . . . Recycled Matter . | . . . Retrieved Matter . | . . . Retrieved Components 3 | . 3 . Parts Scanalyzed . | . . . Part Schematics Acquired . | . . . Parts Damaged . | . . . Bothacking | -11 -10 -10 ------------ Run | Yrd Mat Min Used RIF Installer . | . . . Robots Hacked . | . . . Non-combat . | . . . Combat . | . . . Robot Hacks Applied . | . . . Relay Couplers Released . | . . . Fabnet Peak Effective % . | . . . Robots Rewired . | . . . Allies Hacked . | . . . Hacks Repelled . | . . . Allies | -11 -10 -10 -------- Run | Yrd Mat Min Total Allies . | . . . Largest Group . | . . . Highest-Rated Group . | . . . Highest-Rated Ally . | . . . Total Orders . | . . . Ally Attacks . | . . . Total Damage . | . . . Kills . | . . . Allies Corrupted . | . . . Allies Melted . | . . . Intel | -11 -10 -10 ------- Run | Yrd Mat Min Robot Analysis Total . | . . . Derelict Logs Recovered . | . . . Drone Launches . | . . . Drone Recoveries . | . . . Exploration | -11 -10 -10 ------------- Run | Yrd Mat Min Turns Passed 738 | . 233 505 Spaces Moved 346 | 1 143 202 Core . | . . . Treads . | . . . Legs 346 | 1 143 202 Wheels . | . . . Hover . | . . . Flight . | . . . Fastest Speed 120 | 120 120 120 Average Speed 172 | 120 120 209 Slowest Speed 260 | 120 120 260 Overloaded Moves . | . . . Propulsion Burnouts . | . . . Robots Hopped . | . . . Cave-ins Triggered . | . . . Exploration Rate (%) 23 | 2 34 34 Regions Visited 2 Branch Regions 1 Pre-discovered Areas 1 | . 1 . Known Exits Taken . | . . . Unknown Exits Taken 2 | 1 1 . Scrap Searched 2 | . . 2 Spaces Dug . | . . . Terrain Destroyed 97 | . . 97 Melee . | . . . Projectile 1 | . . 1 AOE 96 | . . 96 Terrain Rammed . | . . . Walls Destroyed . | . . . Machines Disabled . | . . . Actions | -11 -10 -10 --------- Run | Yrd Mat Min Total 414 | . 171 243 Wait 8 | . 6 2 Move 344 | . 142 202 Hop . | . . . Pick Up 4 | . 2 2 Fast Attach 2 | . 2 . Attach 4 | . . 4 Detach . | . . . Swap 5 | . . 5 Drop 2 | . 1 1 Fire 45 | . 18 27 Melee . | . . . Ram . | . . . Kick . | . . . Crush . | . . . Escape Stasis . | . . . Rewire . | . . . Trap . | . . . Miscellaneous . | . . . Route ------- -11/Scrapyard -10/Materials -10/Mines (discovered 1 exit: [*Mat]) History --------- Turn | Location | Event 1 | -11/Scrapyard | Discovered new exit (range 0) 1 | -11/Scrapyard | Entered Materials 183 | -10/Materials | Discovered new exit (range 14) 234 | -10/Materials | Entered Mines 245 | -10/Mines | Assembled infested the area 250 | -10/Mines | Assisted by a Guerilla fighting off Assembled 314 | -10/Mines | Build established: Mutant 353 | -10/Mines | Destroyed 7 combat bots 353 | -10/Mines | Discovered new exit (range 12) 729 | -10/Mines | Core integrity fell below 50% 739 | -10/Mines | Destroyed by D-53 Grenadier with Mini Grenade Launcher Last Messages --------------- 00630_ Acquired 34 matter. 00632_ K-01 Serf collects debris. 00634_ The unstable cave ceiling collapses. 00634_ K-01 Serf collects debris. 00635_ Acquired 7 matter. 00638_ K-01 Serf collects debris. 00643_ Acquired 4 matter. 00645_ K-01 Serf collects debris. 00722_ Ion Engine destroyed. 00724_ Lgt. Cannon destroyed. 00727_ The unstable cave ceiling collapses. 00728_ System corrupted: Matter fused (-10). 00728_ The unstable cave ceiling collapses. 00728_ K-01 Serf collects debris. 00728_ K-01 Serf destroyed. 00731_ K-01 Serf collects debris. 00731_ Assault Rifle destroyed. 00731_ K-01 Serf destroyed. 00735_ Aluminum Leg destroyed. 00738_ The unstable cave ceiling collapses. Map ----- +----------------------------------------------------+ | ?????????????????????????????????????## | | ??????????????????????????????????????### | | ????????????????????????????????????????? | | ????????????????????????????????????????? | | ????????????????????????????????????????? | | ????????????????????????????????????????? | | ??????????????????????????????????####### | | ?????????????????? ???????????????# | | ?????????????????? ???????????##### ##### | | ?????????????????? ##?????????# #???? | | ?????????????????? ?????????# #####???? | | ?????????????????? ?????????# #???????? | | ?????????????????? ?????????# #???????? | | ?????????????????? ?????????# #???????? | | ?????????????????? ?????????# #???????? | | ?????????????????? #?????##### #???????? | | ?????###??????????# #????## ##??????? | | ???## ##?????????# #???## ####???? | | ???# #?????????# #???# ##### | | ???# #??????#### #???# # | | ??## #??##### #d###### | | ??# #??### # #?# ####### | | ??# ##??# ####?## ?##??????? | | ??# ##?#### ###?# #????????? | | ??# ##?# d #### #??????????? | | ??# ### @ r #??????????? | | ??# ## # # #####??????????? | | ?## # # #??????????????? | | ?# ## # #??????????????? | | ?# ? ?###### # #??????????????? | | ?# ##???## ## # #??????????????? | | ?# ?? ##???######## #?????????????? | | ?# #??????????? #?????????????? | | ?# #???????????? ??????????????? | | ?# ##???????????? ?????????????? | | ?## ###????????????? ????????????? | | ??# ## #?????????????? ???????????? | | ??# ?# #?????????????? #??????????? | | ??# ?# #?????????????? #??????????? | | ??# ## #?????????????? ? ????????????? | | ??# #??????????????### ??????????????? | | ???### #????????????????? ??????????????? | | ????## #????????????????????????????????? | | ???### ###??#####???????????????????????? | | ???# # # ####"""###?????????????????????? | | ???## ## "#?????????????????????? | | ???# ## #?????????????????????? | | ???##! ## ##????????????????????? | | ???# # ## #????????????????????? | | ???# # ## [ #????????????????????? | +----------------------------------------------------+ Best States ------------- Heat Dissipation 25 Energy Generation 10 Energy Capacity 250 Matter Stores 300 Matter Capacity 300 Sight Range 16 Robot Scan Range 14 Terrain Scan Density 10 Evasion (%) 55 Authchip Count 1 Item Schematics ----------------- None Robot Schematics ------------------ None Fabricated ------------ Nothing Alien Tech Used ----------------- None Achievements -------------- None Challenges ------------ None Game ------ Seed BackupForceChip Manual? 0 Play Time 00:06:56 Cumulative 103.9 hours Start 2024.11.17 @ 16:29:34 End 2024.11.17 @ 16:41:37 Sessions 1 Manual Loads 0 Difficulty Rogue Special Mode None Game No. 185 Rogue 185 Adventurer 0 Explorer 0 Win Type - Total 0 Types 0/0/0/0/0/0/0/0/0 Lore% 42 Gallery% 39 Achievement% 35 Wizard Run 0 Options --------- Layout 0 ASCII 0 Keyboard 0 Movement Mouse Keybinds 0 Fullscreen 1 Font 24/Cog Map View 91x25 Zoom Use 79% Tactical HUD 1 Map Filters NONE Filters NONE Steam 1 RUN: 2b08a6f2-83a9-4070-add7-25537421f91d